 Dungeon Crawl Stone Soup version 0.25.0-11-g1f837a76a1 (webtiles) character file.

Game seed: 1733113377937095719

18 Olaroll the Sneak (level 2, -5/13 HPs)
             Began as a Spriggan Enchanter on June 27, 2020.
             Killed by nerve-wracking pain
             ... invoked by Jessica
              (14 damage)
             ... on level 2 of the Dungeon.
             The game lasted 00:17:28 (1538 turns).

Olaroll the Sneak (Spriggan Enchanter)              Turns: 1538, Time: 00:17:29

Health: -5/13      AC:  2    Str:  4    XL:     2   Next: 51%
Magic:  6/6        EV: 18    Int: 16    God:
Gold:   31         SH:  0    Dex: 16    Spells: 5/6 levels left

rFire    . . .     SeeInvis +   a - +1 dagger
rCold    . . .     Gourm    .   (shield restricted)
rNeg     . . .     Faith    .   b - +0 robe
rPois    .         Spirit   .   (helmet restricted)
rElec    .         Reflect  .   (no cloak)
rCorr    .         Harm     .   (gloves unavailable)
MR       .....                  (boots unavailable)
Stlth    +++.......             (no amulet)
HPRegen  0.04/turn              (no ring)
MPRegen  0.10/turn              (no ring)

@: very quick
A: very small, unfitting armour, see invisible, herbivore, speed 3, slow
metabolism 2
a: no special abilities


You were on level 2 of the Dungeon.
You were not hungry.

You visited 1 branch of the dungeon, and saw 2 of its levels.

You collected 31 gold pieces.

Inventory:

Hand Weapons
 a - a +1 dagger (weapon)
 i - a +0 dagger
 k - a +0 dagger
Missiles
 e - 12 poisoned darts (quivered)
Armour
 b - a +0 robe (worn)
 m - a +0 leather armour
 n - a +0 leather armour
Scrolls
 g - 4 scrolls of identify {unknown}
 h - a scroll of blinking {unknown}
 j - a scroll of enchant weapon {unknown}
Potions
 c - 2 potions of heal wounds {unknown}
 f - a potion of curing {unknown}
 l - a potion of brilliance {unknown}
Comestibles
 d - 2 rations


   Skills:
 + Level 0.1 Fighting
 * Level 1.4 Short Blades
 + Level 3.3 Dodging
 + Level 4.7 Stealth
 + Level 2.9 Spellcasting
 * Level 4.0 Hexes


You had 5 spell levels left.
You knew the following spells:

 Your Spells              Type           Power        Failure   Level  Hunger
a - Corona                Hex            ###....      3%          1    #......

Your spell library contained the following spells:

 Spells                   Type           Power        Failure   Level  Hunger
 Confusing Touch          Hex            ###.....     11%         3    ###....
 Tukima's Dance           Hex            ###.....     11%         3    ###....
 Ensorcelled Hibernation  Hex/Ice        #.....       13%         2    ##.....
 Dazzling Flash           Conj/Hex       #.....       26%         3    ###....


Dungeon Overview and Level Annotations

Branches:
Dungeon (2/15)

Altars:

Annotations:
D:2 Jessica


Innate Abilities, Weirdness & Mutations

You are very small and have problems with some larger weapons.
You are too small for most types of armour.
You have supernaturally acute eyesight. (SInv)
You are a herbivore.
You cover ground extremely quickly.
You need to consume almost no food.


Message History

Jessica gestures at you while chanting.
You barely resist. You hit Jessica.
Jessica is moderately wounded.
Jessica misses you.
You closely miss Jessica.
Jessica is moderately wounded.
Jessica barely misses you.
You closely miss Jessica.
Jessica is moderately wounded.
Jessica hits you.
You barely miss Jessica.
Jessica is moderately wounded.
Jessica misses you.
You closely miss Jessica.
Jessica is moderately wounded.
Jessica casts a spell at you. Pain shoots through your body!
Ouch! That really hurt!
You die...

#..#### #.#
..#.....###.#
..#.....#...####
...............#
##.......#..###
##......##..#
##......####.#
#.....(.####.#
#.#.....##.@@#
#.#.....#..#.##
#.#####...##..#
######.####...####.#
##..........#.# .#
............#... ..
#........>..###......
#..........## .......
#..........# ......#


You could see Jessica.

Vanquished Creatures
  A dart slug (D:2)
  5 goblins
  A hobgoblin (D:1)
  4 jackals (D:1)
  2 frilled lizards (D:1)
  2 kobolds (D:1)
15 creatures vanquished.

Notes
Turn   | Place    | Note
-------+----------+-------------------------------------------
     0 | D:1      | Olaroll the Spriggan Enchanter began the quest for the Orb.
     0 | D:1      | Reached XP level 1. HP: 9/9 MP: 5/5
   470 | D:1      | Reached XP level 2. HP: 13/13 MP: 4/6
  1502 | D:2      | Noticed Jessica
  1538 | D:2      | Killed from afar by Jessica

Illustrated notes

Levels and vault maps discovered:
D:1:      dpeg_arrival_long_road, layout_loops_ring, hangedman_decor_peaks_small
D:2:      layout_rooms, first_ration, uniq_crazy_yiuf_cottage, uniq_terence,
          uniq_jessica

Skill      XL: |  1  2 |
---------------+-------+-----
Hexes          | 4 |  4.0
Fighting       | |  0.1
Short Blades   | |  1.4
Dodging        | |  3.3
Stealth        | |  4.7
Spellcasting   | |  2.9

Action                   || total
-------------------------++-------
Melee: Dagger            ||    77
 Cast: Corona            ||     6
 Stab: Sleeping          ||     4
Armor: Robe              ||     4
Dodge: Dodged            ||    56
